 Seeded DCSS version 0.30-a0-867-g305f33218d (webtiles) character file.

Game seed: 20230312 (custom seed)

8052 bmack86 the Cleaver (level 11, -9/97 HPs)
             Began as a Minotaur Fighter on Mar 11, 2023.
             Was an Elder of Okawaru.
             Mangled by a two-headed ogre
             ... wielding a +0 giant spiked club
              (25 damage)
             ... on level 9 of the Dungeon.
             The game lasted 00:23:56 (8873 turns).

bmack86 the Cleaver (Minotaur Fighter)              Turns: 8873, Time: 00:23:57

Health: -9/97      AC: 26    Str: 26    XL:     11   Next: 4%
Magic:  14/14      EV:  8    Int:  5    God:    Okawaru [****..]
Gold:   377        SH:  5    Dex:  9    Spells: 10/10 levels left

rFire   . . .      SeeInvis .    t - +0 broad axe
rCold   + . .      Faith    .    c - +0 buckler
rNeg    . . .      Spirit   .    v - +4 chain mail
rPois   .          Reflect  .    (helmet restricted)
rElec   .          Rampage  .    x - +2 cloak
rCorr   .                        n - +1 pair of gloves
Will    .....                    F - +0 pair of boots Stlth
                                 (no amulet)
HPRegen 0.36/turn                k - +4 ring of protection
MPRegen 0.14/turn                g - ring of Bycye {rC+ Slay+4}

@: no status effects
A: horns 2, retaliatory headbutt
a: Renounce Religion, Heroism, Finesse


You were on level 9 of the Dungeon.
You worshipped Okawaru.
Okawaru was greatly pleased with you.
You visited 2 branches of the dungeon, and saw 10 of its levels.

You collected 580 gold pieces.
You spent 203 gold pieces at shops.

Inventory:

Hand Weapons
 a - a +1 war axe
 t - a +0 broad axe (weapon)
Missiles
 b - a curare-tipped dart
 A - 2 boomerangs (quivered)
 G - 2 silver javelins
Armour
 c - a +0 buckler (worn)
 n - a +1 pair of gloves (worn)
 v - a +4 chain mail (worn)
 x - a +2 cloak (worn)
 E - a +0 plate armour
 F - a +0 pair of boots (worn)
Jewellery
 f - a ring of protection from fire
 g - the ring of Bycye (right hand) {rC+ Slay+4}
   (You acquired it on level 4 of the Dungeon)

   [ring of slaying]

   Slay:      It affects your accuracy & damage with ranged weapons and melee
   (+4).
   rC:        It protects you from cold.
 k - a +4 ring of protection (left hand)
 s - a +6 ring of strength
 B - a ring of protection from fire
Wands
 h - a wand of quicksilver (26)
 p - a wand of digging (12)
 y - a wand of mindburst (29)
 D - a wand of flame (11)
Scrolls
 m - 2 scrolls of fog
 q - 3 scrolls of amnesia
 r - 3 scrolls of teleportation
 z - a scroll of magic mapping
Potions
 d - 3 potions of might
 e - 2 potions of invisibility
 i - 2 potions of heal wounds
 j - 5 potions of curing
 l - 5 potions of brilliance
 o - 3 potions of haste
 u - a potion of ambrosia
 w - a potion of mutation
 C - a potion of resistance


   Skills:
 + Level 9.0 Fighting
 * Level 11.8 Axes
 + Level 4.4 Throwing
 + Level 8.9 Armour
 + Level 9.0 Shields
 + Level 6.2 Invocations


You had 10 spell levels left.
You didn't know any spells.
Your spell library contained the following spells:

 Spells                   Type           Power      Damage    Failure   Level
 Cigotuvi's Dreadful Rot  Necr/Pois/Air  0%         N/A       99%         2
 Poisonous Vapours        Pois/Air       0%         N/A       99%         2
 Mephitic Cloud           Conj/Pois/Air  0%         N/A       100%        3


Dungeon Overview and Level Annotations

Branches:
Dungeon (9/15)             Temple (1/1) D:4
   Lair: D:8-11         Orc: D:9-12

Altars:
Ashenzari
Dithmenos
Elyvilon
Gozag
Hepliaklqana
Makhleb
Nemelex Xobeh
Okawaru
Qazlal
Ru
Sif Muna
Trog
Uskayaw
Vehumet
Wu Jian
Xom
Zin
The Shining One

Shops:
D:8 *


Innate Abilities, Weirdness & Mutations

You have a pair of horns on your head.
You reflexively headbutt those who attack you in melee.


Message History

The two-headed ogre hits you with a +0 giant club!
You slash the wyvern! Your headbutt misses the wyvern.
The wyvern is moderately wounded.
You slash the two-headed ogre!
The wyvern bites you but does no damage.
The wyvern barely misses you.
The electric eel shoots out a bolt of lightning at you!
The bolt of electricity hits the plant!
The plant begins to die.
The bolt of electricity hits the plant.
The plant begins to die.
The bolt of electricity hits you.
You slice the wyvern!!
You kill the wyvern!
Okawaru accepts your kill.
You hit the two-headed ogre.
The two-headed ogre hits you with a +0 giant spiked club!
The two-headed ogre hits you with a +0 giant club!
The electric eel shoots out a bolt of lightning at you!
The bolt of electricity hits the plant! x2; The bolt of electricity hits you.
Your Shields skill increases to level 9!
You slice the two-headed ogre!!
The two-headed ogre is severely wounded.
The two-headed ogre barely misses you.
The two-headed ogre hits you with a +0 giant club!
You slash the two-headed ogre!
You headbutt the two-headed ogre, but do no damage.
The two-headed ogre is almost dead.
The two-headed ogre hits you with a +0 giant spiked club!
The two-headed ogre hits you but does no damage.
You completely miss the two-headed ogre.
The two-headed ogre is almost dead.
Unknown command.
You closely miss the two-headed ogre.
The two-headed ogre is almost dead.
The two-headed ogre hits you with a +0 giant spiked club!
* * * LOW HITPOINT WARNING * * *
The two-headed ogre hits you but does no damage.
You hit the two-headed ogre but do no damage.
The two-headed ogre is almost dead.
The two-headed ogre hits you with a +0 giant spiked club!!
You die...

≈≈≈≈≈~~P~~~...
≈≈≈≈S≈PP~......
≈≈≈≈~~~~~P....
≈P~~~PP~.....≈
~P~~~~~...(.≈≈
~PPPP~~....≈≈##
###♣♣♣♣...........≈≈≈
#...@O.............≈≈
#.############# # #.#
# #.# #
#.###################
#....................
#....................
#.................###
#.................###


You could see a two-headed ogre.

Vanquished Creatures
  2 two-headed ogres
  Maurice (D:8)
  Joseph (D:7)
  Maggie (D:8)
  A troll (D:6)
  Sigmund (D:6)
  3 yaks (D:9)
  A wyvern (D:9)
  Grum (D:9)
  4 water moccasins
  2 sky beasts (D:8)
  2 orc warriors (D:8)
  3 ice beasts
  2 black bears
  4 wolves (D:9)
  4 centaurs
  2 phantoms (D:5)
  2 kobold brigands (D:8)
  Blork the orc (D:5)
  2 scorpions
  A gnoll sergeant (D:9)
  5 bullfrogs
  A water moccasin zombie (D:5)
  8 wights
  15 killer bees
  3 howler monkeys (D:8)
  5 hounds
  2 bullfrog zombies (D:5)
  2 jellies
  2 centaur skeletons (D:5)
  3 orc priests
  A bullfrog skeleton (D:5)
  4 iguanas
  A scorpion zombie (D:5)
  3 orc wizards
  A hound zombie (D:5)
  A hound skeleton (D:5)
  A howler monkey zombie (D:5)
  5 gnolls (D:9)
  9 adders
  3 dart slugs
  18 orcs
  5 ball pythons
  6 endoplasms
  5 giant cockroaches
  4 goblins
  4 hobgoblins
  2 jackals (D:2)
  8 kobolds
  7 quokkas
  8 bats
  2 frilled lizards
  5 rats
190 creatures vanquished.

Vanquished Creatures (others)
  11 plants (D:9)
  2 withered plants (D:5)
13 creatures vanquished.

Grand Total: 203 creatures vanquished

Notes
Turn   | Place    | Note
-------+----------+-------------------------------------------
     0 | D:1      | bmack86 the Minotaur Fighter began the quest for the Orb.
     0 | D:1      | Reached XP level 1. HP: 19/19 MP: 0/0
   280 | D:1      | Reached XP level 2. HP: 24/27 MP: 1/1
   374 | D:1      | Reached skill level 3 in Axes
   559 | D:1      | Found a faded altar of an unknown god.
   855 | D:1      | Reached XP level 3. HP: 32/33 MP: 2/2
  1675 | D:3      | Found a sparkling altar of Nemelex Xobeh.
  1716 | D:3      | Reached XP level 4. HP: 36/40 MP: 3/3
  1732 | D:3      | Reached skill level 4 in Axes
  2534 | D:4      | Reached XP level 5. HP: 14/47 MP: 4/4
  2993 | D:4      | Found a staircase to the Ecumenical Temple.
  2997 | Temple   | Entered the Ecumenical Temple
  3027 | Temple   | Became a worshipper of Warmaster Okawaru
  3381 | D:4      | Reached skill level 5 in Axes
  3512 | D:4      | Identified a scroll of acquirement
  3512 | D:4      | Acquired the ring of Bycye {rC+ Slay+4}
  3584 | D:5      | Entered Level 5 of the Dungeon
  3593 | D:5      | Found an opulent altar of Gozag.
  3601 | D:5      | Noticed Blork the orc
  3609 | D:5      | Killed Blork the orc
  3610 | D:5      | Reached XP level 6. HP: 54/55 MP: 5/5
  3627 | D:5      | Reached skill level 5 in Shields
  3627 | D:5      | Reached skill level 1 in Invocations
  3650 | D:5      | Reached skill level 5 in Armour
  3667 | D:5      | Noticed a water moccasin
  3676 | D:5      | Killed a water moccasin
  3677 | D:5      | Reached skill level 5 in Fighting
  3703 | D:5      | Reached * piety under Okawaru
  3829 | D:5      | Reached XP level 7. HP: 61/61 MP: 7/7
  3870 | D:5      | Reached skill level 6 in Axes
  4094 | D:5      | Reached skill level 7 in Axes
  4117 | D:5      | Reached ** piety under Okawaru
  4118 | D:5      | Reached XP level 8. HP: 68/70 MP: 7/9
  4665 | D:6      | Noticed a troll
  4671 | D:6      | Killed a troll
  4712 | D:6      | Reached skill level 8 in Axes
  4863 | D:6      | Found a broken altar of Ashenzari.
  5103 | D:6      | Noticed Sigmund
  5119 | D:6      | Killed Sigmund
  5120 | D:6      | Reached XP level 9. HP: 64/79 MP: 10/10
  5267 | D:6      | Reached *** piety under Okawaru
  5471 | D:6      | Identified the +1 leather armour of Yblec {rC+ SInv}
  5990 | D:7      | Reached skill level 9 in Axes
  6237 | D:7      | Reached skill level 1 in Throwing
  6552 | D:7      | Noticed Joseph
  6564 | D:7      | Killed Joseph
  6939 | D:8      | Identified the +2 spear of Eqaphuli {drain, Drain MP+9
                  | Str+5 Dex+5}
  7114 | D:8      | Found a large runed translucent door.
  7115 | D:8      | Found a large runed translucent door.
  7135 | D:8      | Received a gift from Okawaru
  7136 | D:8      | Reached skill level 10 in Axes
  7138 | D:8      | Found a radiant altar of Vehumet.
  7143 | D:8      | Found a shadowy altar of Dithmenos.
  7198 | D:8      | Reached skill level 5 in Invocations
  7322 | D:8      | Found Zurylo Adia's Assorted Antiques.
  7325 | D:8      | Bought a scroll of identify for 58 gold pieces
  7325 | D:8      | Bought a twisted marble ring for 145 gold pieces
  7372 | D:8      | Reached **** piety under Okawaru
  7373 | D:8      | Reached XP level 10. HP: 80/88 MP: 12/12
  7454 | D:8      | Noticed Maurice
  7489 | D:8      | Killed Maurice
  7677 | D:8      | Noticed Maggie
  7690 | D:8      | Killed Maggie
  7972 | D:8      | Found a hazy altar of Hepliaklqana.
  8125 | D:8      | Noticed a two-headed ogre
  8136 | D:8      | Killed a two-headed ogre
  8137 | D:8      | Reached skill level 11 in Axes
  8551 | D:9      | Noticed a two-headed ogre
  8559 | D:9      | Killed a two-headed ogre
  8559 | D:9      | Reached ***** piety under Okawaru
  8714 | D:9      | Noticed Grum
  8729 | D:9      | Killed Grum
  8732 | D:9      | Received a gift from Okawaru
  8741 | D:9      | Reached XP level 11. HP: 75/95 MP: 7/14
  8742 | D:9      | Received a gift from Okawaru
  8859 | D:9      | Noticed a two-headed ogre
  8873 | D:9      | Mangled by a two-headed ogre

Illustrated notes

Levels and vault maps discovered:
D:1:      heliophobic_arrival_ceremonial_halls, layout_basic,
          chequers_ecumenical_altar_grove
D:2:      layout_basic, serial_forest, infiniplex_forest_straight_3,
          infiniplex_forest_straight_2, infiniplex_forest_lined_3,
          infiniplex_forest_straight_1, infiniplex_forest_clump_large,
          nrook_mini_vaults, due_unseen_surprise
D:3:      layout_basic, marbit_many_paths, minmay_starry_boxes
D:4:      layout_loops_cross, temple_hall_moat, chequers_serial_rivers_micro_b
D:5:      layout_basic, lemuel_tele_altar, serial_undead, serial_undead_d,
          serial_undead_b, serial_undead_d, serial_undead_e,
          chequers_serial_rivers_large_b, uniq_blork_the_orc
D:6:      layout_layer_cave, ashenzari_conservatory_becter, uniq_sigmund
D:7:      layout_basic, uniq_joseph
D:8:      layout_loops_ring, nzn_hepliaklqana_mist_gate, jmf_multi_god_temple2,
          serial_shops, nicolae_shop_window_shopping, nicolae_zen_rock_garden,
          minmay_fractal_squares_gapless_5, uniq_maurice, uniq_maggie
D:9:      layout_long_grid, serial_bayou, serial_bayou_pond_b,
          serial_bayou_shore_a, serial_bayou_pond_e, serial_bayou_pond_c,
          ebering_ghost_reflecting_pool, chequers_serial_rivers_marsh,
          water_boxes_lemuel, uniq_amaemon, uniq_grum
Temple:   nicolae_temple_bog_church

Skill      XL: |  1  2  3  4  5  6  7  8  9 10 11 |
---------------+----------------------------------+-----
Axes           | 3 4 5 7 8 10 11 | 11.8
Armour         | 4 5 6 7 8 |  8.9
Shields        | 4 5 6 7 8 9 |  9.0
Fighting       | 4 5 7 8 9 |  9.0
Invocations    | 1 2 3 5 6 |  6.2
Throwing       | 2 4 |  4.4

Action                     |  1- 3 |  4- 6 |  7- 9 | 10-12 || total
---------------------------+-------+-------+-------+-------++-------
  Melee: War axe           |    83 |    76 |   184 |    40 ||   383
         Headbutt          |    11 |    10 |    31 |    17 ||    69
         Broad axe         |       |       |       |    49 ||    49
  Throw: Boomerang         |       |       |       |     6 ||     6
 Invoke: Heroism           |       |       |     1 |     2 ||     3
         Finesse           |       |       |       |     1 ||     1
  Evoke: Wand              |       |       |     1 |       ||     1
    Use: Scroll            |     4 |     7 |     9 |     4 ||    24
 Armour: Scale mail        |    61 |    55 |    70 |       ||   186
         Chain mail        |       |       |    81 |    58 ||   139
  Dodge: Dodged            |    47 |    42 |   102 |    43 ||   234
  Block: Buckler           |    25 |    21 |    62 |    27 ||   135

Table legend: (Time is in decaauts)
 A = Elapsed time spent in this place.
 B = Non-inter-level travel time spent in this place.
 C = Inter-level travel time spent in this place.
 D = Time resting spent in this place.
 E = Time spent auto-exploring this place.
 F = Levels seen in this place.
 G = Mean time per level.
                   A        B        C        D        E       F      G
               +--------+--------+--------+--------+--------+-----+--------+
         Total |   8973 |   8466 |    507 |    169 |   6429 |  10 |  897.3 |
       Dungeon |   8802 |   8318 |    484 |    169 |   6298 |   9 |  978.0 |
        Temple |    170 |    147 |     23 |      0 |    130 |   1 |  170.0 |
               +--------+--------+--------+--------+--------+-----+--------+

Top non-repeatable levels by time:
     D:8: 1629 daAuts
     D:5: 1142 daAuts
     D:7: 1031 daAuts
     D:6: 1002 daAuts
     D:1: 995 daAuts
     D:3: 991 daAuts
     D:4: 991 daAuts
     D:2: 706 daAuts
     D:9: 311 daAuts
  Temple: 170 daAuts
